 Dungeon Crawl Stone Soup version 0.30-a0-55-g90e3122c3a (webtiles) character file.

Game seed: 4726459700929532960

56 Decritt the Ducker (level 3, 0/29 HPs)
             Began as a Merfolk Gladiator on Sept 9, 2022.
             Killed from afar by Terence (14 damage)
             ... with a bolt of dispelling energy
             ... on level 2 of the Dungeon.
             The game lasted 00:03:06 (1335 turns).

Decritt the Ducker (Merfolk Gladiator)              Turns: 1335, Time: 00:03:06

Health: 0/29       AC:  4    Str: 14    XL:     3   Next: 97%
Magic:  3/3        EV: 14    Int:  7    God:
Gold:   114        SH:  0    Dex: 17    Spells: 2/2 levels left

rFire   . . .      SeeInvis .    j - +0 short sword (flame)
rCold   . . .      Faith    .    (no shield)
rNeg    . . .      Spirit   .    b - +0 leather armour
rPois   .          Reflect  .    c - +0 helmet
rElec   .          Harm     .    (no cloak)
rCorr   +          Rampage  .    (no gloves)
Will    .....                    (no boots)
Stlth   +.........               (no amulet)
HPRegen 0.09/turn                k - ring of resist corrosion
MPRegen 0.08/turn                (no ring)

@: no status effects
A: (nimble swimmer 2), mertail
a: no special abilities


You were on level 2 of the Dungeon.
You visited 1 branch of the dungeon, and saw 2 of its levels.

You collected 114 gold pieces.

Inventory:

Hand Weapons
 a - a +0 rapier
 f - a +2 flail of protection
 j - a +0 short sword of flaming (weapon)
Missiles
 d - 3 throwing nets (quivered)
 e - a javelin
Armour
 b - a +0 leather armour (worn)
 c - a +0 helmet (worn)
Jewellery
 k - a ring of resist corrosion (left hand)
Scrolls
 g - 2 scrolls of identify {unknown}
 h - a scroll of teleportation {unknown}
 i - a scroll of noise {unknown}
 m - a scroll of enchant weapon {unknown}
Potions
 l - 2 potions of lignification {unknown}


   Skills:
 * Level 3.6 Fighting
 + Level 4.2 Short Blades
 - Level 2.0 Throwing
 + Level 4.6 Dodging


You had 2 spell levels left.
You didn't know any spells.
Your spell library contained the following spells:

 Spells                   Type           Power      Damage    Failure   Level
 Confusing Touch          Hex            0%         N/A       87%         3
 Yara's Violent Unravell  Hex/Tmut       0%         3d3       100%        5
 Enfeeble                 Hex            0%         N/A       100%        7


Dungeon Overview and Level Annotations

Branches:
Dungeon (2/15)

Altars:

Shops:
D:1 :

Annotations:
D:2 Terence


Innate Abilities, Weirdness & Mutations

((You are very nimble when in or above water. (Stealth+, EV+, Speed+++)))
Your lower body shifts to a powerful aquatic tail in water.


Message History

Found 3 stones.
Your legs become a tail as you enter the water.
Found 7 stones.
No target in view!
Found 8 stones.
l - 2 blue potions (gained 1)
You now have 114 gold pieces (gained 6).
Your legs become a tail as you enter the water.
A giant cockroach comes into view.
You see here a scroll labelled BOHETO NILATSAXE.
No reachable target in view!
No reachable target in view!
No reachable target in view!
No reachable target in view!
Unknown command.
Your legs become a tail as you enter the water.
The giant cockroach barely misses you.
You hit the giant cockroach but do no damage.
The giant cockroach misses you.
You hit the giant cockroach but do no damage.
The giant cockroach barely misses you.
You hit the giant cockroach but do no damage.
The giant cockroach bites you but does no damage.
You closely miss the giant cockroach.
The giant cockroach completely misses you.
You hit the giant cockroach but do no damage.
The giant cockroach misses you.
You hit the giant cockroach. You burn the giant cockroach.
You kill the giant cockroach!
No target in view!
Your legs become a tail as you enter the water.
m - a scroll labelled BOHETO NILATSAXE Terence the Incautious comes into view.
He is wielding a +0 mace, wearing a +0 chain mail of cold resistance and carrying a wand of quicksilver (7).
Unknown command.
Terence shouts!
Terence zaps a wand.
The bolt of dispelling energy hits you!
Ouch! That really hurt!
* * * LOW HITPOINT WARNING * * *
Terence zaps a wand.
The bolt of dispelling energy hits you!
You die...

#...~~≈~≈~~~(.#..
#....(≈~~~~(..#.##
#......~~.P...#.#
#.PPP.......P.#.#
#..####.........#
##. ########.## #.
##.....#
##.######..#####
#......@...#
#..........#
#..........#
#..........#
#..........#
#..@........#
#...........#
.............#
..#############


You could see Terence.

Vanquished Creatures
  A gnoll (D:1)
  An adder (D:2)
  A worm (D:2)
  A dart slug (D:1)
  An endoplasm (D:1)
  3 giant cockroaches
  2 goblins (D:1)
  4 hobgoblins
  4 jackals
  A quokka (D:2)
  2 bats (D:1)
  3 frilled lizards
  4 kobolds
  4 rats (D:1)
32 creatures vanquished.

Notes
Turn   | Place    | Note
-------+----------+-------------------------------------------
     0 | D:1      | Decritt the Merfolk Gladiator began the quest for the Orb.
     0 | D:1      | Reached XP level 1. HP: 16/16 MP: 1/1
    39 | D:1      | Found Gomum's Book Boutique.
    59 | D:1      | Reached XP level 2. HP: 17/23 MP: 2/2
   374 | D:1      | Reached XP level 3. HP: 20/29 MP: 3/3
   620 | D:1      | Found a faded altar of an unknown god.
  1329 | D:2      | Noticed Terence
  1335 | D:2      | Killed from afar by Terence

Illustrated notes

Levels and vault maps discovered:
D:1:      spicycebolla_arrival_transporter_tutorial, layout_basic,
          ebering_ecumenical_altar_sacrificial, serial_shops,
          nicolae_shop_statue_plus
D:2:      layout_basic, serial_glass, glass_columns_c, glass_columns_b,
          guppyfry_early_lair_pool, uniq_terence

Skill      XL: |  1  2 |
---------------+-------+-----
Fighting       | 3 |  3.6
Short Blades   | 4 |  4.2
Throwing       | |  2.0
Dodging        | |  4.6

Action                   || total
-------------------------++-------
Melee: Rapier            ||    24
       Tailslap          ||     3
       Flail             ||    44
       Short sword       ||    40
       Punch             ||     2
Throw: Throwing net      ||     1
Armor: Leather armour    ||    32
Dodge: Dodged            ||    95

Table legend: (Time is in decaauts)
 A = Elapsed time spent in this place.
 B = Non-inter-level travel time spent in this place.
 C = Inter-level travel time spent in this place.
 D = Time resting spent in this place.
 E = Time spent auto-exploring this place.
 F = Levels seen in this place.
 G = Mean time per level.
                   A        B        C        D        E       F      G
               +--------+--------+--------+--------+--------+-----+--------+
         Total |   1329 |   1285 |     44 |    175 |    848 |   2 |  664.5 |
       Dungeon |   1329 |   1285 |     44 |    175 |    848 |   2 |  664.5 |
               +--------+--------+--------+--------+--------+-----+--------+

Top non-repeatable levels by time:
     D:1: 952 daAuts
     D:2: 376 daAuts
